[Event "November 21 Late 2023"]
[Site "https://www.chess.com"]
[Date "2023.11.21"]
[Round "3"]
[White "liwadas82"]
[Black "Zivic, Dragan"]
[Result "1-0"]
[Board "129"]
[TimeControl "180+1"]
[BlackFideId "904740"]
[WhiteElo "2449"]
[BlackElo "2073"]
[BlackTeam "SRB"]
[WhiteClock "0:00:09"]
[BlackClock "0:00:00"]

1. e4 c6 2. Nf3 d5 3. Nc3 dxe4 4. Nxe4 Nf6 5. Ng3 g6 6. h3 Bg7 7. d4 O-O 8. c3 Re8 9. Bc4 Nbd7 10. O-O Nb6 11. Bb3 a5 12. a4 h6 13. Ne5 Nbd5 14. Qf3 Be6 15. Re1 Qc8 16. c4 Nb4 17. Bd2 h5 18. Bxb4 axb4 19. d5 cxd5 20. cxd5 Bf5 21. Rac1 Qb8 22. Nxf5 gxf5 23. Qxf5 Qd6 24. Rcd1 Rad8 25. Nc4 Qd7 26. Qxd7 Rxd7 27. d6 exd6 28. Kf1 Rxe1+ 29. Rxe1 d5 30. Nb6 Rd6 31. a5 Ne4 32. Bxd5 Nc5 33. Re7 Bxb2 34. Bxf7+ Kf8 35. Rc7 Bd4 36. Bc4 b3 37. Rf7+ Ke8 38. Rf3 b2 39. Ba2 Be5 40. Nc4 Rd1+ 41. Ke2 b1=Q 42. Bxb1 Rxb1 43. Nxe5 Rb2+ 44. Ke3 Rb5 45. Nc4 Rb4 46. Kd4 Ne6+ 47. Kd5 1-0

[Event "November 21 Late 2023"]
[Site "https://www.chess.com"]
[Date "2023.11.21"]
[Round "3"]
[White "Miszler, Levente"]
[Black "Shapiro, Daniel"]
[Result "1-0"]
[Board "130"]
[TimeControl "180+1"]
[WhiteFideId "763276"]
[BlackFideId "2001780"]
[WhiteElo "2186"]
[BlackElo "2332"]
[WhiteTeam "HUN"]
[BlackTeam "USA"]
[WhiteClock "0:01:14"]
[BlackClock "0:00:00"]

1. Nf3 Nf6 2. c4 e6 3. g3 d5 4. Bg2 Be7 5. O-O O-O 6. b3 c6 7. Bb2 b6 8. e3 Nbd7 9. d4 Ba6 10. Nbd2 Rc8 11. Rc1 c5 12. Ne5 Nxe5 13. dxe5 Nd7 14. Re1 Bb7 15. Qg4 Qc7 16. cxd5 Bxd5 17. Bxd5 exd5 18. e6 Nf6 19. exf7+ Rxf7 20. Qe6 Qd7 21. Qxd7 Nxd7 22. e4 d4 23. Bxd4 Rcf8 24. Be3 Ne5 25. Kg2 Nd3 26. Rcd1 Nxe1+ 27. Rxe1 Rd8 28. Nc4 Bf6 29. e5 Be7 30. h4 Rd5 31. e6 Rf8 32. Bf4 Re8 33. Ne5 Bf6 34. Ng4 Bd4 35. Re4 h6 36. Ne3 Rdd8 37. Nc4 Re7 38. Bd6 Ree8 39. Bc7 Ra8 40. e7 b5 41. Nd6 a5 42. Nxb5 Bf6 43. Bd6 Rac8 44. Nc7 1-0

[Event "November 21 Late 2023"]
[Site "https://www.chess.com"]
[Date "2023.11.21"]
[Round "3"]
[White "jactorres"]
[Black "Estrategia_vs_Tactica"]
[Result "0-1"]
[Board "131"]
[TimeControl "180+1"]
[WhiteElo "2424"]
[BlackElo "2310"]
[WhiteClock "0:00:11"]
[BlackClock "0:00:35"]

1. e4 d6 2. d4 g6 3. c4 Bg7 4. Nc3 Nf6 5. Nf3 O-O 6. Be2 e5 7. O-O Nc6 8. d5 Ne7 9. Ne1 Ne8 10. Nd3 f5 11. Bd2 Nf6 12. f3 h5 13. c5 f4 14. cxd6 cxd6 15. Rc1 g5 16. Nf2 Ng6 17. Nb5 Ne8 18. Bb4 Rf7 19. Qb3 Bf8 20. Qa3 a6 21. Rc2 Qb6 22. Ba5 Qe3 23. Nc3 g4 24. Nd1 Qa7 25. Kh1 g3 26. Nd3 b6 27. Be1 Qe7 28. Rxc8 Rxc8 29. Nb4 Qh4 30. h3 Nf6 31. Qxa6 Rcc7 32. Bd2 Nh7 33. Re1 Ng5 34. Bf1 Nh8 35. Qxb6 Rg7 36. Re2 Ra7 37. a3 Rab7 38. Qa6 Ra7 39. Qd3 Nhf7 40. Nc6 Rc7 41. b4 Nh6 42. b5 Ng4 43. b6 Rb7 44. Qb5 Nf2+ 45. Nxf2 gxf2 46. a4 Nxf3 47. Qd3 Rg3 48. Qb1 Qxh3+ 0-1

[Event "November 21 Late 2023"]
[Site "https://www.chess.com"]
[Date "2023.11.21"]
[Round "3"]
[White "Van Osch, Mees"]
[Black "Castillo Pena, Patricia Evarista"]
[Result "1-0"]
[Board "132"]
[TimeControl "180+1"]
[WhiteFideId "1035967"]
[BlackFideId "6412106"]
[WhiteElo "2324"]
[BlackElo "1861"]
[WhiteTeam "NED"]
[BlackTeam "DOM"]
[WhiteClock "0:00:53"]
[BlackClock "0:00:00"]

1. e4 c5 2. Nf3 d6 3. d4 cxd4 4. Nxd4 Nf6 5. Nc3 a6 6. Nb3 e5 7. Bg5 Be7 8. Bxf6 Bxf6 9. Bc4 Be6 10. Bd5 Qc7 11. Bxe6 fxe6 12. Qg4 Ke7 13. O-O-O Nc6 14. Kb1 b5 15. g3 b4 16. Ne2 a5 17. f4 a4 18. Nbc1 a3 19. b3 Rhc8 20. Nd3 Nd4 21. Nxd4 exd4 22. Rd2 Qc3 23. Rhd1 Rc6 24. Qh5 Rac8 25. e5 dxe5 26. fxe5 1-0

[Event "November 21 Late 2023"]
[Site "https://www.chess.com"]
[Date "2023.11.21"]
[Round "3"]
[White "OPQRC"]
[Black "Jelcic, Marko"]
[Result "1-0"]
[Board "133"]
[TimeControl "180+1"]
[BlackFideId "14406489"]
[WhiteElo "2627"]
[BlackElo "2156"]
[BlackTeam "BIH"]
[WhiteClock "0:00:38"]
[BlackClock "0:00:00"]

1. e4 e6 2. d3 d5 3. Nc3 dxe4 4. Nxe4 Nf6 5. Qe2 c5 6. g3 Nc6 7. Nf3 Nxe4 8. dxe4 e5 9. c3 Be7 10. Bg2 O-O 11. O-O Qc7 12. Be3 b6 13. Rfd1 Be6 14. h4 f6 15. Nh2 c4 16. h5 b5 17. h6 g6 18. f4 a5 19. f5 Bf7 20. fxg6 hxg6 21. Ng4 Kh7 22. Qf2 Be6 23. Bb6 Qb7 24. Bh3 Rab8 25. Bc5 Bxc5 26. Qxc5 Qb6 27. Qxb6 Rxb6 28. Rd6 Bxg4 29. Bxg4 Kxh6 30. Bd7 Rd8 31. Rxc6 Rb7 32. Be6 Kg5 33. Rf1 Rf8 34. Bd5 Rbb8 35. Kg2 b4 36. Rxc4 bxc3 37. b3 a4 38. Rxc3 axb3 39. axb3 Ra8 40. b4 Ra4 41. Rb1 1-0

[Event "November 21 Late 2023"]
[Site "https://www.chess.com"]
[Date "2023.11.21"]
[Round "3"]
[White "Shapiro, Viktor"]
[Black "Mazzilli, Piero"]
[Result "0-1"]
[Board "134"]
[TimeControl "180+1"]
[WhiteFideId "4175700"]
[BlackFideId "807087"]
[WhiteElo "2084"]
[BlackElo "2351"]
[WhiteTeam "RUS"]
[BlackTeam "ITA"]
[WhiteClock "0:00:00"]
[BlackClock "0:00:12"]

1. c4 e5 2. Nc3 Nc6 3. g3 Nf6 4. Bg2 g6 5. d3 Bg7 6. Nf3 O-O 7. O-O d6 8. Rb1 a5 9. a3 h6 10. b4 axb4 11. axb4 Be6 12. b5 Ne7 13. b6 c6 14. c5 Nfd5 15. Ne4 f5 16. cxd6 fxe4 17. dxe7 Qxe7 18. dxe4 Nc3 19. Qc2 Nxb1 20. Qxb1 Ra2 21. Re1 Qc5 22. Be3 Qc2 23. Qb4 Re8 24. Qd6 Qc3 25. Bd2 Qa3 26. Bb4 Qa6 27. Bf1 Qxb6 28. Nxe5 Bxe5 29. Qxe5 Qxb4 30. Rd1 Bf7 31. Qc7 Qxe4 32. Rd7 Qe6 33. e3 Ra1 34. Kg2 Rxf1 35. Kxf1 b5 36. Rd6 Qc4+ 37. Kg2 b4 38. f3 Qc2+ 39. Kh3 Qf5+ 40. Kg2 b3 0-1

[Event "November 21 Late 2023"]
[Site "https://www.chess.com"]
[Date "2023.11.21"]
[Round "3"]
[White "Romero Ruscalleda, Josep"]
[Black "RodokininEV"]
[Result "1-0"]
[Board "135"]
[TimeControl "180+1"]
[WhiteFideId "2231859"]
[WhiteElo "2183"]
[BlackElo "2515"]
[WhiteTeam "ESP"]
[WhiteClock "0:00:16"]
[BlackClock "0:00:22"]

1. e4 c5 2. c3 Nf6 3. e5 Nd5 4. Nf3 Nc6 5. Bc4 Nc7 6. O-O d5 7. exd6 Qxd6 8. h3 Be6 9. Na3 g6 10. Nb5 Nxb5 11. Bxb5 Bg7 12. Ng5 Bd7 13. Ne4 Qd5 14. Re1 O-O 15. Qf3 Kh8 16. b3 a6 17. Bc4 Qf5 18. Qxf5 Bxf5 19. Nxc5 Rab8 20. d4 e5 21. d5 Na5 22. Bf1 Rfc8 23. b4 e4 24. Bd2 h5 25. Nxe4 Nc4 26. Bxc4 Rxc4 27. Nd6 Rxc3 28. Nxf5 gxf5 29. Rad1 Rc2 30. Bf4 Rd8 31. d6 Bc3 32. Re7 Bxb4 33. Rxb7 Bc5 34. Rxf7 Rxf2 35. Be5+ Kg8 36. Rg7+ Kf8 37. Bd4 Rxa2 38. Rg5 Bxd4+ 39. Rxd4 Ra5 40. d7 Ke7 41. Rg7+ Ke6 42. Rh7 Ke5 43. Rd2 Rd5 44. Re7+ Kf6 45. Rxd5 Kxe7 46. Rxf5 Rxd7 47. Rxh5 Rd1+ 48. Kh2 Ra1 49. Rh7+ Kf6 50. Ra7 a5 51. h4 a4 52. Kg3 Kg6 53. Kg4 a3 54. g3 a2 55. Ra6+ Kh7 56. h5 Kg7 57. Kg5 Rg1 58. Ra7+ Kh8 59. Rxa2 Rxg3+ 60. Kh6 Kg8 61. Ra8+ Kf7 62. Ra7+ Kg8 63. Ra6 Kf7 64. Ra7+ Kg8 65. Rb7 Rg2 66. Rb6 Kf7 67. Rg6 Rxg6+ 68. hxg6+ Kg8 69. g7 Kf7 70. Kh7 1-0

[Event "November 21 Late 2023"]
[Site "https://www.chess.com"]
[Date "2023.11.21"]
[Round "3"]
[White "Khater, Sherif"]
[Black "Hoffmann, Asa"]
[Result "0-1"]
[Board "136"]
[TimeControl "180+1"]
[WhiteFideId "2034280"]
[BlackFideId "2001470"]
[WhiteElo "2515"]
[BlackElo "2117"]
[WhiteTeam "USA"]
[BlackTeam "USA"]
[WhiteClock "0:00:13"]
[BlackClock "0:00:14"]

1. d4 Nf6 2. Bg5 e6 3. e4 d6 4. Nc3 Be7 5. Nf3 Nbd7 6. Bd3 e5 7. dxe5 dxe5 8. Qe2 c6 9. O-O-O Qa5 10. Kb1 b5 11. Qd2 Bb4 12. a3 Bxc3 13. Qxc3 Qxc3 14. bxc3 Ke7 15. c4 a6 16. cxb5 axb5 17. Kb2 Nc5 18. Nxe5 Na4+ 19. Ka1 Bb7 20. Bd2 Rhe8 21. f4 Kf8 22. Rhe1 Kg8 23. g4 Nc5 24. Bb4 Nxd3 25. cxd3 Rec8 26. Bc5 Ne8 27. Kb2 f6 28. Nf3 Nc7 29. f5 Na6 30. Bd6 Rd8 31. e5 c5 32. Re3 b4 33. axb4 Nxb4 34. Bxc5 Nd5 35. Ree1 Nf4 36. Kc3 Bxf3 37. Rd2 Nd5+ 38. Kc4 Bxg4 39. exf6 Nxf6 40. Rf1 Ra4+ 41. Kb3 Ra5 42. Kb4 Rda8 43. Be7 Nd5+ 44. Kc4 Nxe7 45. f6 Be6+ 46. Kd4 Rd5+ 47. Ke4 Ra4+ 48. d4 gxf6 49. Rxf6 Bf5+ 50. Kf4 Kg7 51. Rb6 Raxd4+ 52. Rxd4 Rxd4+ 53. Ke5 Rd5+ 54. Kf4 Bg6 55. Rb7 Kf6 56. h4 Rd4+ 57. Ke3 Nf5+ 0-1

[Event "November 21 Late 2023"]
[Site "https://www.chess.com"]
[Date "2023.11.21"]
[Round "3"]
[White "Kovacsy, Barnabas"]
[Black "Ramadoss, Ashokkumar"]
[Result "1-0"]
[Board "137"]
[TimeControl "180+1"]
[WhiteFideId "769290"]
[BlackFideId "5040990"]
[WhiteElo "2130"]
[BlackElo "2330"]
[WhiteTeam "HUN"]
[BlackTeam "IND"]
[WhiteClock "0:00:08"]
[BlackClock "0:00:00"]

1. e4 e6 2. d4 d5 3. exd5 exd5 4. Nf3 Bd6 5. c4 Nf6 6. Nc3 c6 7. Bd3 O-O 8. O-O h6 9. Re1 Bg4 10. h3 Bh5 11. g4 Bg6 12. Ne5 Bxd3 13. Qxd3 Nbd7 14. Bf4 dxc4 15. Qxc4 Nb6 16. Qd3 Nfd5 17. Bg3 f6 18. Ng6 Rf7 19. a4 Nb4 20. Qf5 Bxg3 21. fxg3 Qxd4+ 22. Kh2 N4d5 23. Nxd5 Qxd5 24. Ne7+ Rxe7 25. Rxe7 Qd2+ 26. Kh1 Qxb2 27. Qe6+ Kh8 28. Re8+ Rxe8 29. Qxe8+ Kh7 30. Qe4+ Kh8 31. Rd1 Nd5 32. Re1 Qb3 33. Qf5 Kg8 34. Qe6+ Kh7 35. Qf5+ Kg8 36. h4 Qxg3 37. Qc8+ Kh7 38. Qf5+ Kg8 39. Re8+ Kf7 40. Qe6+ Kg6 41. Qe4+ Kf7 42. h5 Qh3+ 43. Kg1 Qg3+ 44. Kf1 Qh3+ 45. Kf2 Qh2+ 46. Ke1 Qg1+ 47. Kd2 Qf2+ 48. Kd3 Qg3+ 49. Kc4 Nb6+ 50. Kc5 Qc3+ 51. Kd6 Nc4+ 52. Kc7 Qe5+ 53. Rxe5 Nxe5 54. Kxb7 1-0

[Event "November 21 Late 2023"]
[Site "https://www.chess.com"]
[Date "2023.11.21"]
[Round "3"]
[White "Gerbelli Neto, Eduardo"]
[Black "Serban, Cristian-Stefan"]
[Result "0-1"]
[Board "138"]
[TimeControl "180+1"]
[WhiteFideId "2103281"]
[BlackFideId "1241443"]
[WhiteElo "2178"]
[BlackElo "2028"]
[WhiteTeam "BRA"]
[BlackTeam "ROU"]
[WhiteClock "0:00:15"]
[BlackClock "0:00:39"]

1. e4 a6 2. c4 e6 3. Nc3 g6 4. d4 Bg7 5. h4 h5 6. Nf3 c5 7. Be3 cxd4 8. Bxd4 Nf6 9. Bxf6 Bxf6 10. e5 Bg7 11. Ne4 O-O 12. Qd2 Nc6 13. Qf4 Nxe5 14. Nxe5 Qa5+ 15. Kd1 Bxe5 16. Nf6+ Bxf6 17. Qxf6 d5 18. Bd3 dxc4 19. Bxc4 Rd8+ 20. Ke2 Bd7 21. Rhd1 Bb5 22. b3 Bxc4+ 23. bxc4 Rxd1 24. Rxd1 Qxa2+ 25. Ke1 Qxc4 26. Rd7 Qb4+ 27. Rd2 Rc8 0-1

[Event "November 21 Late 2023"]
[Site "https://www.chess.com"]
[Date "2023.11.21"]
[Round "3"]
[White "Modric, Nesa"]
[Black "Krzywda, Andrzej"]
[Result "1-0"]
[Board "140"]
[TimeControl "180+1"]
[WhiteFideId "922579"]
[BlackFideId "1114565"]
[WhiteElo "2167"]
[BlackElo "2130"]
[WhiteTeam "SRB"]
[BlackTeam "POL"]
[WhiteClock "0:00:05"]
[BlackClock "0:01:03"]

1. e4 e5 2. Nf3 Nf6 3. Bc4 Nxe4 4. Nc3 Nxc3 5. dxc3 f6 6. Nh4 g6 7. f4 d6 8. f5 Qe7 9. fxg6 hxg6 10. Nxg6 Qh7 11. Nxh8 Qh4+ 12. g3 Qe4+ 13. Kf2 Qxc4 14. Qh5+ Kd8 15. Be3 Be6 16. Rad1 Nd7 17. Ng6 Bd5 18. Nxf8 Bxh1 19. Nxd7 Kxd7 20. Rxh1 Qxa2 21. Qh7+ Kc6 22. Qe4+ Kd7 23. Qf5+ Kc6 24. Qxf6 Qxb2 25. Rd1 Qxc2+ 26. Rd2 Qxc3 27. Qf5 Qb4 28. Rc2+ Kd5 29. Qf7+ Ke4 30. Qf3+ Kd3 31. Qe2+ Ke4 32. Qg4+ Kd3 33. Qxb4 Kxc2 34. Qc4+ Kb2 35. Qxc7 Rf8+ 36. Ke2 Rh8 37. Qxd6 Kc3 38. Qxe5+ Kc2 39. Qxh8 b5 40. Qe5 b4 41. Qc5+ Kb3 42. Qxa7 Kc2 43. Qc5+ Kb3 44. Bd4 Ka4 45. Kd3 b3 46. Kc4 b2 47. Qb4# 1-0

[Event "November 21 Late 2023"]
[Site "https://www.chess.com"]
[Date "2023.11.21"]
[Round "3"]
[White "Rose, Felix"]
[Black "Urbina Perez, Juan Antonio"]
[Result "1-0"]
[Board "141"]
[TimeControl "180+1"]
[WhiteFideId "5105722"]
[BlackFideId "2217368"]
[WhiteElo "2039"]
[BlackElo "2185"]
[WhiteTeam "MEX"]
[BlackTeam "ESP"]
[WhiteClock "0:00:02"]
[BlackClock "0:00:00"]

1. e4 c5 2. Nf3 d6 3. d4 cxd4 4. Nxd4 Nf6 5. Nc3 Nc6 6. Bg5 Qb6 7. Nb3 e6 8. Qd2 Be7 9. O-O-O a6 10. h4 Qc7 11. f3 b5 12. Kb1 Ne5 13. h5 h6 14. Be3 Nc4 15. Bxc4 bxc4 16. Nd4 Rb8 17. Ka1 Bb7 18. g4 d5 19. e5 Nd7 20. f4 Bc5 21. Qf2 Bb4 22. Bd2 Bxc3 23. Bxc3 Nc5 24. Qe3 Ne4 25. Bb4 a5 26. Ba3 c3 27. b3 a4 28. Nb5 Qc6 29. Nd6+ Nxd6 30. Bxd6 Ra8 31. b4 Rd8 32. a3 Rxd6 33. exd6 Qxd6 34. Qxc3 O-O 35. Rhf1 Rc8 36. Qb2 Rc4 37. f5 Bc8 38. f6 e5 39. fxg7 Be6 40. Rf2 d4 41. Rdf1 Rc3 42. g5 hxg5 43. h6 Bc4 44. Rh1 Kh7 45. Qc1 f6 46. g8=Q+ Kxg8 47. h7+ Kh8 48. Qxg5 1-0

[Event "November 21 Late 2023"]
[Site "https://www.chess.com"]
[Date "2023.11.21"]
[Round "3"]
[White "Ventura Bolet, Maxim"]
[Black "Harish, Neeraj"]
[Result "1-0"]
[Board "142"]
[TimeControl "180+1"]
[WhiteFideId "22238824"]
[BlackFideId "30958130"]
[WhiteElo "2227"]
[BlackElo "1866"]
[WhiteTeam "ESP"]
[BlackTeam "USA"]
[WhiteClock "0:02:06"]
[BlackClock "0:01:46"]

1. Nf3 d5 2. g3 Nf6 3. Bg2 e6 4. O-O Be7 5. d3 O-O 6. Nbd2 c5 7. e4 Nc6 8. Re1 Qc7 9. Nf1 b5 10. e5 Nd7 11. Bf4 Rd8 12. h4 b4 13. Ne3 a5 14. Nxd5 exd5 15. e6 Bd6 16. exf7+ Kxf7 17. Ng5+ Kg8 18. Bxd5+ Kh8 19. Bxd6 Qb6 20. Nf7+ Kg8 21. Nxd8+ 1-0

[Event "November 21 Late 2023"]
[Site "https://www.chess.com"]
[Date "2023.11.21"]
[Round "3"]
[White "rikchessmx"]
[Black "Nikologorsky, Matfei"]
[Result "0-1"]
[Board "143"]
[TimeControl "180+1"]
[BlackFideId "24102474"]
[WhiteElo "2300"]
[BlackElo "2153"]
[BlackTeam "FID"]
[WhiteClock "0:00:16"]
[BlackClock "0:00:11"]

1. e4 c5 2. Nf3 e6 3. d4 cxd4 4. Nxd4 a6 5. Nc3 Qc7 6. Bd3 Nc6 7. Nxc6 dxc6 8. f4 Bc5 9. Qg4 g6 10. Qf3 Ne7 11. Be3 Qb6 12. Bxc5 Qxc5 13. O-O-O b5 14. e5 Nd5 15. Ne4 Qe3+ 16. Qxe3 Nxe3 17. Nf6+ Ke7 18. Rd2 Nd5 19. Be4 Nxf6 20. exf6+ Kxf6 21. Bxc6 Ra7 22. Rhd1 Rc7 23. Rd6 Ke7 24. g3 h5 25. h4 Rf8 26. b3 Kf6 27. Be4 Re8 28. Kb2 Ree7 29. Ka3 Rc5 30. Kb4 Rec7 31. Ka5 Rc3 32. Kb6 Ke7 33. Bd3 R3c5 34. Rd4 Rc3 35. Ka5 R3c5 36. Kb4 Bb7 37. c4 bxc4 38. Bxc4 a5+ 39. Ka3 Bf3 40. R1d3 Be2 41. Rc3 Bxc4 42. Rdxc4 Rxc4 43. Rxc4 Rd7 44. Rc5 Rd3 45. Rg5 Rd4 46. Rxa5 f6 47. Ra4 Rd3 48. Ra7+ Kd6 49. Rg7 Rxg3 50. Kb4 Rg4 51. a4 Kc6 52. Re7 Rxf4+ 53. Kc3 Kd6 54. Rg7 Rxh4 55. a5 Rh3+ 56. Kb4 Kc6 57. Rxg6 Rh4+ 58. Ka3 Kb5 59. Rxf6 Kxa5 60. Rxe6 Rh1 61. Re5+ Kb6 62. Kb4 h4 63. Rh5 h3 64. Rh4 h2 65. Rh3 Kc6 66. Rh6+ Kd5 67. Kb5 Rb1 68. b4 h1=Q 69. Rxh1 Rxh1 70. Kb6 Rb1 71. b5 Kc4 72. Kc7 Rxb5 0-1

[Event "November 21 Late 2023"]
[Site "https://www.chess.com"]
[Date "2023.11.21"]
[Round "3"]
[White "Mendez Machado, Andre"]
[Black "Ongut, Tamas Gunes"]
[Result "0-1"]
[Board "144"]
[TimeControl "180+1"]
[WhiteFideId "6603793"]
[BlackFideId "770280"]
[WhiteElo "1950"]
[BlackElo "2148"]
[WhiteTeam "PAN"]
[BlackTeam "HUN"]
[WhiteClock "0:00:02"]
[BlackClock "0:00:49"]

1. e4 c5 2. Nc3 a6 3. Be2 b5 4. f4 b4 5. Na4 d5 6. exd5 Qd7 7. Nb6 Qb7 8. Nxa8 Qxa8 9. Bf3 Bb7 10. c4 Nf6 11. Nh3 g6 12. O-O Bg7 13. Nf2 O-O 14. Re1 Nbd7 15. Rb1 Ne8 16. b3 Nd6 17. Rxe7 Nf6 18. Bb2 Qd8 19. Re1 Nf5 20. Ne4 Nxe4 21. Bxg7 Nf2 22. Kxf2 Qh4+ 23. Kg1 Kxg7 24. Qe2 Qxf4 25. Qe5+ Qxe5 26. Rxe5 Kf6 27. Rbe1 Nd6 28. Re7 Bc8 29. Ra7 g5 30. Bd1 Nf5 31. Bc2 Nd4 32. Bd3 Bg4 33. Rf1+ Kg7 34. d6 Be6 35. Rxa6 Rd8 36. Re1 Kf6 37. Be4 h5 38. h3 h4 39. d3 Ke5 40. Bd5+ Kf6 41. Bxe6 fxe6 42. Kh2 Nf5 43. Rc6 Nxd6 44. Rxc5 Nf5 45. Rce5 Rxd3 46. Rxe6+ Kf7 47. R6e5 Ng3 48. Rxg5 Kf6 49. Rg4 Rd2 50. Rxh4 Nf5 51. Rf4 Kg5 52. Ref1 Ne3 53. Rg1 Kxf4 54. Kh1 Kg3 55. Rc1 Nxg2 56. c5 Nf4 57. c6 Rh2+ 58. Kg1 Ne2+ 59. Kf1 Nxc1 60. c7 Rc2 0-1

[Event "November 21 Late 2023"]
[Site "https://www.chess.com"]
[Date "2023.11.21"]
[Round "3"]
[White "AndresDelgado77"]
[Black "Jesseinkman"]
[Result "0-1"]
[Board "145"]
[TimeControl "180+1"]
[WhiteElo "2294"]
[BlackElo "2477"]
[WhiteClock "0:00:00"]
[BlackClock "0:00:13"]

1. e4 e5 2. Nc3 Nc6 3. f4 exf4 4. d4 g5 5. h4 Bh6 6. hxg5 Bxg5 7. Nf3 d6 8. g3 Bg4 9. gxf4 Bh4+ 10. Ke2 Be7 11. Kf2 h5 12. d5 Nb4 13. Qd4 Bf6 14. Qxb4 Nh6 15. Qxb7 Rb8 16. Qxa7 Bd7 17. Bh3 Bg4 18. Qa4+ Kf8 19. Qc4 Bh4+ 20. Ke2 Bf6 21. f5 Qe7 22. Bxh6+ Rxh6 23. Bxg4 Rxb2 24. Kd3 hxg4 25. Rxh6 gxf3 26. Rah1 Qe5 27. Rxf6 Qxf6 28. Qd4 Qg5 29. Qh8+ Ke7 30. Qh4 Kf6 31. Qf4 Qxf4 32. e5+ Qxe5 33. Ne4+ Ke7 34. f6+ Kd7 35. Rh7 Qxd5+ 36. Ke3 Rxc2 37. Ng5 Qxg5+ 0-1

[Event "November 21 Late 2023"]
[Site "https://www.chess.com"]
[Date "2023.11.21"]
[Round "3"]
[White "Golubenko, Valentina"]
[Black "Musalov, Ruslan"]
[Result "0-1"]
[Board "146"]
[TimeControl "180+1"]
[WhiteFideId "4501993"]
[BlackFideId "4141490"]
[WhiteElo "2126"]
[BlackElo "2268"]
[WhiteTeam "CRO"]
[BlackTeam "RUS"]
[WhiteClock "0:00:00"]
[BlackClock "0:00:50"]

1. d4 Nf6 2. g3 g6 3. Bg2 Bg7 4. c4 O-O 5. Nc3 d6 6. d5 a5 7. Nf3 Na6 8. O-O Nc5 9. Nd4 e5 10. dxe6 Nxe6 11. Nxe6 fxe6 12. Bg5 h6 13. Be3 Kh7 14. Qc2 e5 15. Bd2 c6 16. Rad1 Bf5 17. e4 Be6 18. b3 Nd7 19. Be3 Qe7 20. Na4 b5 21. cxb5 cxb5 22. Nc3 Rac8 23. Qd2 a4 24. Nxb5 axb3 25. axb3 Rc6 26. Nxd6 Bxb3 27. Nf5 Qf6 28. Qxd7 Rf7 29. Qe8 Bxd1 30. Nxg7 Be2 31. Re1 Bb5 32. Rb1 Rc1+ 33. Rxc1 Bxe8 34. Nxe8 Qe6 35. Nc7 Qb3 36. Nd5 Qb2 37. Bh3 Ra7 38. Be6 Ra1 39. Rxa1 Qxa1+ 40. Kg2 Qb1 41. Nf6+ Kg7 42. Nd5 Qxe4+ 43. Kg1 g5 44. Ne7 Kf6 45. Bd5 Qb1+ 46. Kg2 Kxe7 47. Bf3 e4 48. Bg4 Qb4 49. Bh5 Kf6 50. Bg4 Ke5 51. h4 gxh4 52. gxh4 Qf8 53. Kh3 Qf7 54. Bxh6 Qxf2 55. Bg7+ Kd5 56. h5 e3 57. h6 e2 58. Bxe2 Qxe2 59. Kh4 Qe4+ 60. Kg5 Qh7 61. Kf6 Ke4 62. Kg5 Qf5+ 63. Kh4 Kf3 0-1

[Event "November 21 Late 2023"]
[Site "https://www.chess.com"]
[Date "2023.11.21"]
[Round "3"]
[White "Miguelitro69"]
[Black "Weisz, Bryan"]
[Result "0-1"]
[Board "147"]
[TimeControl "180+1"]
[BlackFideId "30934133"]
[WhiteElo "2273"]
[BlackElo "2438"]
[BlackTeam "USA"]
[WhiteClock "0:00:02"]
[BlackClock "0:01:44"]

1. e4 c6 2. d4 Na6 3. Nc3 Nc7 4. Bd3 d5 5. Nge2 Nf6 6. e5 Nd7 7. O-O c5 8. dxc5 Nxe5 9. Nf4 e6 10. Re1 Ng6 11. Nfxd5 Nxd5 12. Nxd5 Qxd5 13. Bb5+ Kd8 14. h4 Bxc5 15. h5 Ne7 16. Qg4 Qf5 17. Rd1+ Kc7 18. Qa4 Bxf2+ 19. Kf1 Bb6+ 20. Bf4+ e5 21. Qc4+ Nc6 22. Qd5 Qxf4+ 23. Ke1 Qf2# 0-1

[Event "November 21 Late 2023"]
[Site "https://www.chess.com"]
[Date "2023.11.21"]
[Round "3"]
[White "Novikova, Galina"]
[Black "Tsiolakidis, Anastasios"]
[Result "1-0"]
[Board "148"]
[TimeControl "180+1"]
[WhiteFideId "4157095"]
[BlackFideId "4201477"]
[WhiteElo "1972"]
[BlackElo "2272"]
[WhiteTeam "RUS"]
[BlackTeam "GRE"]
[WhiteClock "0:00:11"]
[BlackClock "0:01:22"]

1. e4 c5 2. Nf3 d5 3. exd5 Nf6 4. Nc3 Nxd5 5. Bc4 e6 6. O-O Nc6 7. d4 cxd4 8. Nxd4 Nb6 9. Nxc6 Qxd1 10. Rxd1 bxc6 11. Be2 Be7 12. Bf3 Bb7 13. Ne4 Rd8 14. Bf4 Nd5 15. Bg3 f6 16. c4 Nb4 17. Nd6+ Bxd6 18. Bxd6 a5 19. a3 Na6 20. b4 Kf7 21. b5 Nb8 22. Rab1 Ba8 23. a4 Rc8 24. Bxb8 Rxb8 25. c5 cxb5 26. Bxa8 bxa4 27. Bf3 Rb4 28. c6 Rc8 29. h3 a3 30. Ra1 Rb3 31. Rd7+ Kg6 32. Ra7 e5 33. Rxa5 f5 34. Bd5 Rc3 35. R1xa3 Rc2 36. Ra7 e4 37. Rg3+ Kh6 38. Rgxg7 Rc5 39. Rxh7+ Kg5 40. Rad7 Kg6 41. Rhg7+ Kf6 42. c7 Rxd5 43. Rgf7+ Ke6 44. Rfe7+ Kf6 45. Rxd5 Kxe7 46. Rxf5 Ke6 47. Rg5 Rxc7 48. Rg3 Rc1+ 49. Kh2 Rc2 50. f3 e3 51. Rg8 Kf7 52. Rg4 Rc6 53. Re4 Re6 54. Rxe6 Kxe6 55. Kg1 Ke5 56. Kf1 Kf4 57. Ke2 Kg3 58. Kxe3 Kxg2 59. f4 Kxh3 60. f5 Kg4 61. f6 Kg5 62. f7 Kh6 63. f8=Q+ Kh7 64. Qf5+ Kh6 65. Qg4 Kh7 66. Ke4 Kh8 67. Ke5 1-0

[Event "November 21 Late 2023"]
[Site "https://www.chess.com"]
[Date "2023.11.21"]
[Round "3"]
[White "Reprintsev, Alexander"]
[Black "Zeydan, Salih"]
[Result "1-0"]
[Board "149"]
[TimeControl "180+1"]
[WhiteFideId "14100541"]
[BlackFideId "6361722"]
[WhiteElo "2229"]
[BlackElo "1988"]
[WhiteTeam "UKR"]
[BlackTeam "TUR"]
[WhiteClock "0:00:45"]
[BlackClock "0:00:08"]

1. e4 c5 2. b3 Nc6 3. Bb2 d6 4. Bb5 Bd7 5. Ne2 a6 6. Bxc6 Bxc6 7. f3 d5 8. exd5 Qxd5 9. Nbc3 Qd7 10. d4 e6 11. dxc5 Bxc5 12. Qxd7+ Bxd7 13. O-O-O Nf6 14. Ng3 Bc6 15. Nce4 Nxe4 16. Nxe4 Bxe4 17. fxe4 Ke7 18. Bxg7 Rhg8 19. Bd4 Bxd4 20. Rxd4 Rxg2 21. Rhd1 Rc8 22. Rd7+ Ke8 23. R7d2 Rxd2 24. Rxd2 Ke7 25. Kb2 Rg8 26. Kc3 Rg4 27. Re2 Kd6 28. e5+ Ke7 29. a4 b5 30. a5 h5 31. Kd3 f6 32. exf6+ Kxf6 33. c4 bxc4+ 34. bxc4 e5 35. Rb2 Kf5 36. c5 Ra4 37. c6 e4+ 38. Ke3 Rxa5 39. Rc2 Ra3+ 40. Ke2 Rh3 41. Rc5+ Ke6 42. c7 Rxh2+ 43. Ke3 1-0

[Event "November 21 Late 2023"]
[Site "https://www.chess.com"]
[Date "2023.11.21"]
[Round "3"]
[White "Sarkar, Justin"]
[Black "Kostiukov, Alexandr"]
[Result "1/2-1/2"]
[Board "150"]
[TimeControl "180+1"]
[WhiteFideId "2010011"]
[BlackFideId "14108100"]
[WhiteElo "2138"]
[BlackElo "2144"]
[WhiteTeam "USA"]
[BlackTeam "UKR"]
[WhiteClock "0:00:17"]
[BlackClock "0:01:27"]

1. d4 g6 2. Bf4 Bg7 3. e3 d6 4. Nf3 Nc6 5. c4 e5 6. dxe5 Nxe5 7. Nxe5 dxe5 8. Qxd8+ Kxd8 9. Bg3 Be6 10. Nc3 c6 11. O-O-O+ Ke7 12. Ne4 b6 13. f4 f5 14. Bh4+ Nf6 15. fxe5 fxe4 16. exf6+ Bxf6 17. Bxf6+ Kxf6 18. Be2 Ke5 19. Rhf1 Rhf8 20. g3 g5 21. Rxf8 Rxf8 22. Rf1 Rxf1+ 23. Bxf1 a5 24. Be2 Kd6 25. Kd2 Kc5 26. Kc3 b5 27. cxb5 cxb5 28. a3 b4+ 29. axb4+ axb4+ 30. Kc2 h6 31. b3 Kd6 32. Kb2 Ke5 33. Kc2 Bh3 34. Kd2 Bg2 35. Bg4 Bf3 36. Bd7 Bh5 37. Bc8 Bf7 38. Kc2 Be6 39. Bxe6 Kxe6 40. g4 Ke5 41. Kd2 Kf6 42. Ke2 1/2-1/2

[Event "November 21 Late 2023"]
[Site "https://www.chess.com"]
[Date "2023.11.21"]
[Round "3"]
[White "mataMNsMS"]
[Black "szachmistrz2500"]
[Result "0-1"]
[Board "151"]
[TimeControl "180+1"]
[WhiteElo "2252"]
[BlackElo "2426"]
[WhiteClock "0:01:50"]
[BlackClock "0:02:05"]

1. d4 d5 2. Nf3 Nf6 3. Bf4 c6 4. e3 Bg4 5. Nbd2 e6 6. c3 Nbd7 7. Qb3 Qb6 8. h3 Bh5 9. Bd3 Be7 10. Ne5 Nxe5 11. Bxe5 O-O 12. O-O Nd7 13. Bh2 c5 14. Qxb6 Nxb6 15. f4 Bg6 16. Bxg6 hxg6 17. g4 Rac8 18. Nf3 Nc4 19. b3 Nxe3 20. Rf2 cxd4 21. cxd4 Rc3 22. Re1 Rfc8 23. Rfe2 Nc2 24. Rd1 Rxf3 0-1